 Dungeon Crawl Stone Soup version 0.15-a0-23-gfd8676b (webtiles) character file.

715 4tharraofdagon the Grappler (level 7, 2/66 HPs)
             Began as a Troll Monk on Mar 31, 2014.
             Was an Elder of Cheibriados.
             Quit the game on Level 6 of the Dungeon.
             The game lasted 00:06:11 (1261 turns).

4tharraofdagon the Grappler (Troll Monk)            Turns: 1261, Time: 00:06:11

HP   2/66        AC  5     Str 31      XL: 7   Next: 24%
MP   5/5         EV 11     Int 15      God: Cheibriados [****..]
Gold 82          SH  0     Dex 21      Spells:  0 memorised,  6 levels left

rFire  . . .     SeeInvis +       - Unarmed
rCold  . . .     Clarity  .     a - +0 robe
rNeg   . . .     Conserve .     (shield restricted)
rPois  .         rCorr    .     (helmet restricted)
rElec  .         rRot     .     (no cloak)
SustAb . .       Spirit   .     (gloves unavailable)
rMut   .         Warding  .     (boots unavailable)
Gourm  +         Stasis   .     (no amulet)
MR     .....                    (no ring)
                                h - ring of see invisible {unknown}

@: very slow, not resistant to hostile enchantments, fairly stealthy
A: unfitting armour, claws 3, talons 1, deformed body, fast metabolism 3,
gourmand, regeneration 2, saprovore 2, shaggy fur 2, tough skin 2
a: Bend Time, Temporal Distortion, Slouch, Renounce Religion


You were on level 6 of the Dungeon.
You worshipped Cheibriados.
Cheibriados was greatly pleased with you.
You were very full.

You visited 2 branches of the dungeon, and saw 7 of its levels.

You collected 82 gold pieces.

Inventory:

Hand weapons
 q - the +4,+5 flail of the Unkillable {crush, +Rage rElec}
   (You found it on level 5 of the Dungeon)

   It inflicts extra damage upon your enemies.
   It insulates you from electricity.
   It lets you go berserk.
   Cheibriados disapproves of the use of such an item.
Missiles
 n - 5 tomahawks (quivered)
Armour
 a - a +0 robe (worn)
Magical devices
 s - a wand of slowing (17)
Comestibles
 b - 4 meat rations
 k - 3 bread rations
Scrolls
 d - 2 scrolls of random uselessness
 e - a scroll of immolation {unknown}
 g - a scroll of teleportation {unknown}
 i - 4 scrolls of identify {unknown}
 j - 2 scrolls of enchant armour {unknown}
 l - 4 scrolls of remove curse {unknown}
 m - 4 scrolls of fear {unknown}
 o - a scroll of blinking {unknown}
 p - a scroll of enchant weapon II {unknown}
 r - a scroll of vulnerability {unknown}
Jewellery
 h - a ring of see invisible (left claw) {unknown}
Potions
 f - 4 potions of brilliance
Books
 c - a book of Power

   Spells                             Type                      Level
   Fulminant Prism                    Conjuration/Hexes            4
   Iskenderun's Mystic Blast          Conjuration                  4
   Venom Bolt                         Conjuration/Poison           5
   Bolt of Magma                      Conjuration/Fire/Earth       5
   Iron Shot                          Conjuration/Earth            6
   Orb of Destruction                 Conjuration                  7
 v - a book of Wizardry

   Spells                             Type                      Level
   Summon Elemental                   Summoning                    4
   Agony                              Necromancy                   5
   Force Lance                        Conjuration                  5
   Haste                              Charms                       6
   Invisibility                       Hexes                        6
   Spellforged Servitor               Conjuration/Summoning        7


   Skills:
 - Level 2.4 Fighting
 - Level 2.4 Dodging
 - Level 1.1 Stealth
 * Level 8.5 Unarmed Combat
 + Level 2.0 Invocations


You had 6 spell levels left.
You didn't know any spells.

Dungeon Overview and Level Annotations

Branches:
Dungeon (6/15)             Temple (1/1) D:4

Altars:
Ashenzari
Cheibriados
Nemelex Xobeh
Sif Muna
Vehumet
Xom
The Shining One


Innate Abilities, Weirdness & Mutations

You are too large for most types of armour.
You have claws for hands.
Your metabolism is lightning-fast.
You like to eat raw meat.
You heal very quickly.
You can eat rotten meat.
You are covered in thick fur (AC +2).
You have very tough skin (AC +2).
You have sharp toenails.
Armour fits poorly on your strangely shaped body.


Message History

Unknown command.
Evoke which item? (* to show all) (? for menu, Esc to quit)
Okay, then.
Read which item? (? for menu, Esc to quit)
Okay, then.
Drink which item? (? for menu, Esc to quit)
You feel extremely strange.
Your toenails lengthen and sharpen.
Your body twists and deforms.
Your fur grows into a thick mane.
It was a potion of mutation.
The orc warrior hits you with a flail.
* * * LOW HITPOINT WARNING * * *
Unknown command.
Drink which item? (? for menu, Esc to quit)
You feel better. The orc warrior hits you with a flail!
* * * LOW HITPOINT WARNING * * *
Evoke which item? (* to show all) (? for menu, Esc to quit)
Okay, then.
Read which item? (? for menu, Esc to quit)
Okay, then.
Are you sure you want to abandon this character and quit the game? (Confirm with "yes".)

.... ###.#.#...).#
.....#.....#.....#
...............#
.........#.....#
.............#.#
.............#..l
.....#..<....# #.#
....#.###...###.##
... +......oo@...#
#.####.####### #.
#.# ..# .#.# #.#.#
# #.# ..# ./.


You could see an orc warrior and an orc wizard.

Vanquished Creatures
  The ghost of miro the Magician, an average DECj (D:4)
  An ogre (D:5)
  A giant frog (D:6)
  2 jellies (D:5)
  A centaur skeleton (D:4)
  2 worker ants
  Ijyb (D:2)
  A hound zombie (D:6)
  A hound skeleton (D:6)
  Terence (D:2)
  6 adders
  3 gnolls (D:2)
  2 shadow imps
  2 worms
  An iguana skeleton (D:6)
  3 orc zombies
  3 giant geckos
  2 orcs
  3 hobgoblins
  3 quokkas
  4 bats
  2 giant cockroaches
  A giant gecko zombie (D:6)
  A goblin (D:3)
  A goblin skeleton (D:4)
  12 jackals
  A jackal zombie (D:5)
  5 kobolds
  A kobold skeleton (D:4)
  2 rats
70 creatures vanquished.

Vanquished Creatures (others)
  A hobgoblin (D:4)
1 creature vanquished.

Grand Total: 71 creatures vanquished

Notes
Turn   | Place    | Note
--------------------------------------------------------------
     0 | D:1      | 4tharraofdagon, the Troll Monk, began the quest for the Orb.
     0 | D:1      | Reached XP level 1. HP: 22/22 MP: 1/1
    75 | D:2      | Noticed Terence
   101 | D:2      | Killed Terence
   101 | D:2      | Reached XP level 2. HP: 19/29 MP: 1/1
   127 | D:2      | Reached skill level 5 in Unarmed Combat
   157 | D:3      | Reached XP level 3. HP: 36/36 MP: 2/2
   238 | D:4      | Noticed miro's ghost (average DECj)
   271 | D:4      | Killed miro's ghost
   271 | D:4      | Reached skill level 6 in Unarmed Combat
   271 | D:4      | Reached XP level 4. HP: 35/44 MP: 2/2
   271 | D:4      | Reached XP level 5. HP: 39/50 MP: 2/2
   357 | D:4      | Found a staircase to the Ecumenical Temple.
   374 | Temple   | Entered the Ecumenical Temple
   397 | Temple   | Became a worshipper of Cheibriados the Contemplative
   526 | D:2      | Reached skill level 7 in Unarmed Combat
   627 | D:2      | Noticed Ijyb
   642 | D:2      | Killed Ijyb
   646 | D:2      | Reached XP level 6. HP: 55/59 MP: 3/3
   890 | D:5      | Entered Level 5 of the Dungeon
   932 | D:5      | Got a smoking flail
   934 | D:5      | Identified the +4,+5 flail of the Unkillable {crush, +Rage rElec} (You found it on level 5 of the Dungeon)
  1026 | D:5      | Acquired Cheibriados' first power
  1053 | D:5      | Reached skill level 8 in Unarmed Combat
  1053 | D:5      | Reached skill level 1 in Invocations
  1187 | D:6      | Reached XP level 7. HP: 39/66 MP: 4/4
  1234 | D:6      | Acquired Cheibriados' second power
  1259 | D:6      | Gained mutation: You have sharp toenails. [potion of mutation]
  1259 | D:6      | Gained mutation: Armour fits poorly on your strangely shaped body. [potion of mutation]
  1259 | D:6      | Gained mutation: You are covered in thick fur (AC +2). [potion of mutation]
  1260 | D:6      | HP: 2/66 [orc warrior/flail (21)]
  1261 | D:6      | Quit the game

Action                   |  1- 3 |  4- 6 |  7- 9 || total
-------------------------+-------+-------+-------++-------
Melee: Unarmed           |    62 |   108 |    26 ||   196
Evoke: Wand              |       |     1 |       ||     1
  Use: Potion            |     2 |       |     2 ||     4
       Scroll            |     1 |       |       ||     1
 Stab: Sleeping          |       |     1 |       ||     1
